 Dungeon Crawl Stone Soup version 0.24-a0-769-g368c1644f8 (webtiles) character file.

Game seed: 1049218510932065678, levelgen mode: deterministic

61 Peloso the Covered (level 3, -2/33 HPs)
             Began as a Minotaur Fighter on Oct 5, 2019.
             Slain by Jessica
             ... wielding a +4 dagger of electrocution
              (11 damage)
             ... on level 2 of the Dungeon.
             The game lasted 00:02:09 (1200 turns).

Peloso the Covered (Minotaur Fighter)               Turns: 1200, Time: 00:02:09

Health: -2/33      AC:  7    Str: 20    XL:     3   Next: 83%
Magic:  2/2        EV:  7    Int:  5    God:
Gold:   139        SH:  9    Dex: 10    Spells: 2/2 levels left

rFire    . . .     SeeInvis .   a - +0 long sword
rCold    . . .     Gourm    .   c - +0 shield
rNeg     . . .     Faith    .   b - +0 scale mail
rPois    .         Spirit   .   (helmet restricted)
rElec    .         Reflect  .   (no cloak)
rCorr    .         Harm     .   (no gloves)
MR       .....                  (no boots)
Stlth    ..........             (no amulet)
HPRegen  0.11/turn              (no ring)
MPRegen  0.08/turn              (no ring)

@: no status effects
A: retaliatory headbutt, horns 2
a: no special abilities


You were on level 2 of the Dungeon.
You were very hungry.

You visited 1 branch of the dungeon, and saw 2 of its levels.

You collected 139 gold pieces.

Inventory:

Hand Weapons
 a - a +0 long sword (weapon)
 k - a cursed -3 spear
Armour
 b - a +0 scale mail (worn)
 c - a +0 shield (worn)
Scrolls
 e - a scroll of random uselessness {unknown}
 g - a scroll of blinking {unknown}
 h - 3 scrolls of identify {unknown}
 i - 2 scrolls of remove curse {unknown}
 j - 2 scrolls of amnesia {unknown}
 m - a scroll of magic mapping {unknown}
 o - a scroll of fear {unknown}
 p - a scroll of teleportation {unknown}
Potions
 d - a potion of might
 l - a potion of curing {unknown}
 n - a potion of heal wounds {unknown}
Comestibles
 f - 5 rations


   Skills:
 + Level 4.2 Fighting
 + Level 3.1 Long Blades
 + Level 4.4 Armour
 + Level 0.2 Dodging
 + Level 4.2 Shields


You had 2 spell levels left.
You didn't know any spells.
Your spell library contained the following spells:

 Spells                   Type           Power        Failure   Level  Hunger
 Confusing Touch          Hex            #.....       99%         1    ##.....
 Confuse                  Hex            #.......     100%        3    ####...
 Gell's Gravitas          Tloc           #.........   100%        3    ####...
 Petrify                  Tmut/Erth      #.......     100%        4    #####..
 Metabolic Englaciation   Hex/Ice        #.........   100%        5    ######.
 Yara's Violent Unravell  Hex/Tmut       #.........   100%        5    ######.


Dungeon Overview and Level Annotations

Branches:
Dungeon (2/15)

Altars:
Fedhas
Wu Jian

Annotations:
D:2 Jessica


Innate Abilities, Weirdness & Mutations

You reflexively headbutt those who attack you in melee.
You have a pair of horns on your head.


Message History

You block the hobgoblin's attack.
You slash the hobgoblin!
You kill the hobgoblin!
Jessica looks very angry.
Jessica gestures wildly while chanting.
Jessica blinks!
You see here a +0 club.
Jessica hits you but does no damage.
You closely miss Jessica. You block Jessica's attack.
You hit Jessica but do no damage. Your headbutt misses Jessica.
You block Jessica's attack.
Jessica hits you with a +4 dagger of electrocution.
You are electrocuted!!
Ouch! That really hurt!
You slash Jessica!
Jessica is severely wounded.
Jessica hits you with a +4 dagger of electrocution.
* * * LOW HITPOINT WARNING * * *
You are electrocuted!
You die...

.....########...## #.#
.....#8###8##...# ####.#
................## #....#
.....†..........8######.####
####+...........###.....#
#.#8###8###8####.##### #.###
### #####..# #.#
....####)### #.# ..<....@.#
#.# ....$.@.## #.# .......%#
#.# ........# # #.#
########### # #.#
#...######## ## #.#
#...##.....# .# #.#
#...##.###.#####
.###.###...##.# #.....#


You could see Jessica.

Vanquished Creatures
  An adder (D:2)
  2 leopard geckos
  3 giant cockroaches
  10 goblins
  6 hobgoblins
  A quokka (D:2)
  3 ball pythons (D:1)
  6 bats
  4 frilled lizards
  5 kobolds
  4 rats
45 creatures vanquished.

Notes
Turn   | Place    | Note
-------+----------+-------------------------------------------
     0 | D:1      | Peloso the Minotaur Fighter began the quest for the Orb.
     0 | D:1      | Reached XP level 1. HP: 19/19 MP: 0/0
   102 | D:1      | Reached XP level 2. HP: 26/27 MP: 1/1
   521 | D:1      | Reached XP level 3. HP: 33/33 MP: 2/2
   811 | D:2      | Found a blossoming altar of Fedhas.
  1081 | D:2      | Found an ornate altar of the Wu Jian Council.
  1185 | D:2      | Noticed Jessica
  1200 | D:2      | Slain by Jessica

Levels and vault maps discovered:
D:1:      dpeg_arrival_short_road, layout_loops_ring, minivault_25,
          minmay_shallow_snake_nest
D:2:      layout_basic, lemuel_crystal_altar, first_ration,
          corexii_hall_statues_l, fedhas_altar_1, uniq_jessica

Skill      XL: |  1  2  3 |
---------------+----------+-----
Fighting       | 4 |  4.2
Armour         | 4 |  4.4
Shields        | 4 |  4.2
Long Blades    | 3 |  3.1
Dodging        | |  0.2

Action                   || total
-------------------------++-------
Melee: Long sword        ||    93
       Headbutt          ||    11
Armor: Scale mail        ||    53
Dodge: Dodged            ||    33
Block: Shield            ||    61
       Rpst.: Long sword ||    12

Table legend:
 A = Non-vault XP
 B = Vault XP
 C = Vault XP percentage of total XP
 D = Non-vault monster count
 E = Vault monster count
 F = Vault count percentage of total count
                 A         B        C        D         E       F
            +---------+---------+-------+---------+---------+-------
      Total |      84 |       4 |   4.5 |      43 |       2 |   4.4
            +---------+---------+-------+---------+---------+-------
        D:1 |      45 |       4 |   8.2 |      28 |       2 |   6.7
        D:2 |      39 |       0 |   0.0 |      15 |       0 |   0.0
            +---------+---------+-------+---------+---------+-------
